 Dungeon Crawl Stone Soup version 0.21.1-1-g345015f (webtiles) character file.

241 twistedcrescendo the Chopper (level 5, -5/46 HPs)
             Began as a Minotaur Fighter on June 14, 2018.
             Killed from afar by an orc wizard (8 damage)
             ... with a magic dart
             ... on level 3 of the Dungeon.
             The game lasted 00:23:09 (2535 turns).

twistedcrescendo the Chopper (Minotaur Fighter)     Turns: 2535, Time: 00:23:09

Health: -5/46      AC:  9    Str: 22    XL:     5   Next: 80%
Magic:  4/4        EV:  8    Int:  5    God:
Gold:   154        SH: 10    Dex:  9    Spells: 4/4 levels left

rFire    . . .     SeeInvis .   a - +0 war axe
rCold    . . .     Gourm    .   c - +0 shield
rNeg     + . .     Faith    .   b - +0 scale mail
rPois    .         Spirit   .   (helmet restricted)
rElec    .         Reflect  .   (no cloak)
rCorr    .         Harm     .   v - +1 pair of gloves
MR       .....                  (no boots)
Stlth    ..........             (no amulet)
HPRegen  0.15/turn              s - ring of positive energy
MPRegen  0.09/turn              (no ring)

@: no status effects
A: retaliatory headbutt, horns 2
a: no special abilities


You were on level 3 of the Dungeon.
You were hungry.

You visited 1 branch of the dungeon, and saw 3 of its levels.

You collected 154 gold pieces.

Inventory:

Hand Weapons
 a - a +0 war axe (weapon)
Missiles
 g - 19 bolts
 j - 45 sling bullets
 l - 80 arrows
Armour
 b - a +0 scale mail (worn)
 c - a +0 shield (worn)
 n - a +0 helmet
 v - a +1 pair of gloves (worn)
Jewellery
 s - a ring of positive energy (left hand)
 y - an uncursed amulet of faith {unknown}
Wands
 z - a wand of iceblast (5)
Scrolls
 e - 3 scrolls of identify
 h - a scroll of enchant weapon {unknown}
 o - 2 scrolls of blinking
 p - a scroll of teleportation {unknown}
 q - a scroll of magic mapping {unknown}
 t - 2 scrolls of remove curse {unknown}
 u - a scroll of noise {unknown}
 w - a scroll of immolation {unknown}
 A - a scroll of amnesia {unknown}
Potions
 d - 2 potions of might
 i - a potion of berserk rage {unknown}
 k - 2 potions of brilliance
 m - a potion of mutation {unknown}
 r - a potion of lignification {unknown}
 B - a potion of heal wounds {unknown}
Comestibles
 f - 8 rations
 x - 11 chunks of flesh


   Skills:
 + Level 4.2 Fighting
 * Level 5.6 Axes
 + Level 4.2 Armour
 - Level 1.0 Dodging
 + Level 5.0 Shields


You had 4 spell levels left.
You didn't know any spells.

Dungeon Overview and Level Annotations

Branches:
Dungeon (3/15)

Altars:


Innate Abilities, Weirdness & Mutations

You reflexively headbutt those who attack you in melee.
You have a pair of horns on your head.


Message History

Your Shields skill increases to level 5!
You barely miss the orc wizard.
The orc wizard hits you but does no damage.
The orc wizard gestures at you while chanting.
The puff of flame hits you!
* * * LOW HITPOINT WARNING * * *
You see here a flail.
You are feeling hungry.
You closely miss the orc wizard.
The orc wizard hits you but does no damage.
The orc wizard points at you and mumbles some strange words.
The magic dart hits you!
You barely miss the orc wizard. The orc wizard hits you with a dagger.
* * * LOW HITPOINT WARNING * * *
You hit the orc wizard but do no damage.
The orc wizard barely misses you.
You closely miss the orc wizard. The orc wizard casts a spell at you.
The magic dart hits you!
You die...

##'## #.# #######.#
......#.## .###.....##
.###....<.#######
................#
.###..#.#######o####(#
.# #..### #.@....#
.###..# ########
......# #######


You could see an orc wizard.

Vanquished Creatures
  2 orc priests (D:3)
  Natasha (twice) (D:2)
  5 adders
  An ooze (D:3)
  2 worms (D:3)
  3 leopard geckos
  8 orcs (D:3)
  3 bats (D:1)
  3 goblins (D:1)
  5 hobgoblins
  11 jackals
  11 kobolds
  A quokka (D:3)
  2 ball pythons (D:3)
  4 frilled lizards
  6 rats
69 creatures vanquished.

Notes
Turn   | Place    | Note
-------+----------+-------------------------------------------
     0 | D:1      | twistedcrescendo the Minotaur Fighter began the quest for the Orb.
     0 | D:1      | Reached XP level 1. HP: 19/19 MP: 0/0
   109 | D:1      | Reached XP level 2. HP: 21/27 MP: 1/1
   645 | D:1      | Reached XP level 3. HP: 33/33 MP: 2/2
  1378 | D:2      | Noticed Natasha
  1385 | D:2      | Killed Natasha
  1385 | D:2      | Reached XP level 4. HP: 40/40 MP: 3/3
  1580 | D:2      | Noticed Natasha
  1598 | D:2      | Killed Natasha
  1873 | D:3      | Reached XP level 5. HP: 27/46 MP: 4/4
  1962 | D:3      | Reached skill level 5 in Axes
  2361 | D:3      | Reached skill level 1 in Dodging
  2530 | D:3      | Reached skill level 5 in Shields
  2533 | D:3      | HP: 2/46 [orc wizard/dagger (2)]
  2535 | D:3      | Killed from afar by an orc wizard

Skill      XL: |  1  2  3  4  5 |
---------------+----------------+-----
Shields        | 4 5 |  5.0
Axes           | 3 4 5 |  5.6
Armour         | 4 |  4.2
Fighting       | 4 |  4.2
Dodging        | 1 |  1.0

Action                   |  1- 3 |  4- 6 || total
-------------------------+-------+-------++-------
Melee: War axe           |    98 |    99 ||   197
       Headbutt          |    11 |    11 ||    22
  Use: Scroll            |     4 |       ||     4
  Eat: Chunk             |     2 |     3 ||     5
Armor: Scale mail        |    44 |    46 ||    90
Dodge: Dodged            |    28 |    29 ||    57
Block: Shield            |    56 |    43 ||    99
